 Dungeon Crawl Stone Soup version 0.32-a0-13-gbaedc5810e (console) character file.

Game seed: 6056900738269747801

338 Ignak the Magician (level 6, -1/44 HPs)
             Began as a Gnoll Hedge Wizard on Jan 15, 2024.
             Slain by a gnoll
             ... wielding a +0 flail
              (11 damage)
             ... on level 4 of the Dungeon.
             The game lasted 00:09:14 (3533 turns).

Ignak the Magician (Gnoll Hedge Wizard)             Turns: 3533, Time: 00:09:15

Health: -1/44      AC:  3    Str:  9    XL:     6   Next: 55%
Magic:  17/25      EV:  6    Int: 16    God:
Gold:   236        SH:  0    Dex: 11    Spells: 4/19 levels left

rFire   . . .        k - +3 spear {drain, rPois MP+9 Stlth+}
rCold   + . .        (no shield)
rNeg    . . .        f - +0 leather armour
rPois   +            c - +0 hat
rElec   .            (no cloak)
rCorr   .            (no gloves)
SInv    .            (no boots)
Will    .....        i - amulet of faith
Stlth   +++          g - ring of protection from cold
HPRegen 0.27/turn    (no ring)
MPRegen 0.19/turn

%: faith
@: very slightly contaminated, held
A: fangs 1, strong nose, distributed training
a: no special abilities


You were on level 4 of the Dungeon.
You visited 1 branch of the dungeon, and saw 4 of its levels.

You collected 236 gold pieces.

Inventory:

Hand Weapons
 e - a +2 dagger of venom
 k - the +3 spear "Tadudgh" (weapon) {drain, rPois MP+9 Stlth+}
   (You found it on level 2 of the Dungeon)

   rPois:     It protects you from poison MP+9: It affects your magic capacity
   (+9).
   Stlth+:    It makes you more stealthy.
Missiles
 m - 3 poisoned darts (quivered)
Armour
 b - a +0 robe
 c - a +0 hat (worn)
 f - a +0 leather armour (worn)
 j - a +0 cloak
Jewellery
 g - a ring of protection from cold (left hand)
 i - an amulet of faith (around neck)
Wands
 r - a wand of flame (14)
Scrolls
 a - a scroll of torment {unknown}
 h - a scroll of silence
 l - a scroll of enchant weapon {unknown}
 n - a scroll of vulnerability {unknown}
 o - a scroll of fear
 p - 2 scrolls of teleportation
 q - a scroll of blinking
 w - a scroll of fog {unknown}
Potions
 d - 2 potions of magic
 s - a potion of heal wounds {unknown}
 t - a potion of enlightenment {unknown}
 u - a potion of brilliance
 v - a potion of haste {unknown}


   Skills:
 + Level 2.1 Fighting
 + Level 2.1 Short Blades
 + Level 2.1 Long Blades
 + Level 2.1 Axes
 + Level 2.1 Maces & Flails
 + Level 2.1 Polearms
 + Level 2.1 Staves
 + Level 2.1 Ranged Weapons
 + Level 2.1 Throwing
 + Level 2.1 Armour
 + Level 5.0 Dodging
 + Level 4.7 Stealth
 + Level 2.1 Shields
 + Level 2.1 Unarmed Combat
 + Level 7.4 Spellcasting
 + Level 2.7 Conjurations
 + Level 1.6 Hexes
 + Level 2.7 Summonings
 + Level 1.6 Necromancy
 + Level 2.7 Translocations
 + Level 1.6 Fire Magic
 + Level 1.6 Ice Magic
 + Level 1.6 Air Magic
 + Level 1.6 Earth Magic
 + Level 1.6 Alchemy
 + Level 2.3 Invocations
 + Level 2.1 Evocations
 + Level 1.9 Shapeshifting


You had 4 spell levels left.
You knew the following spells:

 Your Spells              Type           Power      Damage    Failure   Level
a - Magic Dart            Conj           56%        1d5       5%          1
b - Blink                 Tloc           28%        N/A       8%          2
c - Ozocubu's Armour      Ice            11%        N/A       24%         3
d - Mephitic Cloud        Conj/Alch/Air  12%        N/A       22%         3
e - Call Imp              Summ           28%        N/A       8%          2
q - Anguish               Hex/Necr       5%         N/A       63%         4

Your spell library contained the following spells:

 Spells                   Type           Power      Damage    Failure   Level
 Slow                     Hex            44%        N/A       9%          1
 Cigotuvi's Dreadful Rot  Necr/Alch/Air  22%        N/A       12%         2
 Passage of Golubria      Tloc           14%        N/A       45%         4
 Cause Fear               Hex            5%         N/A       63%         4
 Metabolic Englaciation   Hex/Ice        5%         N/A       92%         5
 Silence                  Hex/Air        5%         N/A       92%         5
 Sculpt Simulacrum        Ice/Alch       5%         N/A       100%        6
 Enfeeble                 Hex            5%         N/A       100%        7
 Lehudib's Crystal Spear  Conj/Erth      6%         10d3      100%        8


Dungeon Overview and Level Annotations

Branches:
Dungeon (4/15)
 Temple: D:4-7

Altars:
Fedhas
Kikubaaqudgha
Nemelex Xobeh


Innate Abilities, Weirdness & Mutations

You have very sharp teeth.
Your uncanny sense of smell can sniff out nearby items.
Your experience applies equally to all skills.


Message History

The stinking cloud engulfs the gnoll. x2
The gnoll is severely wounded.
A jackal comes into view.
The bombardier beetle is engulfed in noxious fumes.
The bombardier beetle appears confused.
The bombardier beetle bites the gnoll but does no damage.
The gnoll hits you with a +0 flail!
* * * LOW HITPOINT WARNING * * *
The gnoll is engulfed in noxious fumes.
The gnoll appears confused.
The gnoll hits the gnoll with a +0 trident.
Unknown command.
You struggle against the net.
The gnoll is engulfed in noxious fumes.
The gnoll appears confused.
The gnoll hits you with a +0 whip.
* * * LOW HITPOINT WARNING * * *
The gnoll closely misses you.
The gnoll is engulfed in noxious fumes.
The gnoll appears confused.
The bombardier beetle is engulfed in noxious fumes.
The bombardier beetle appears confused.
The bombardier beetle seems to be having trouble coordinating all six of its legs.
Okay, then.
Press: ? - help, v - describe, . - travel
Here: a gnoll, wielding a +0 flail and wearing an amulet of reflection (reflecting blocked projectiles)
The floor.
Casting: Mephitic Cloud (quite dangerous; 22% risk of failure)
Confirm with . or Enter, or press ? or * to list all spells.
Okay, then.
Unknown command.
Casting: Mephitic Cloud (quite dangerous; 22% risk of failure)
Confirm with . or Enter, or press ? or * to list all spells.
The spell is quite dangerous to miscast (22% risk of failure)!
Continue anyway?
Okay, then.
Casting: Mephitic Cloud (quite dangerous; 22% risk of failure)
Confirm with . or Enter, or press ? or * to list all spells.
You miscast Blink.
You are very lightly contaminated with residual magic.
Nothing appears to happen.
The gnoll is engulfed in noxious fumes.
The gnoll appears confused.
The gnoll hits the gnoll but does no damage.
The gnoll hits you with a +0 flail!
You die...

....## #. #....##...∆
#......... #...h...# ####
#......## ... #.......#
..####.########.......#
..............@gB.....#
###.###)##.#.##g○.....#.#
####.###.##.#.##g§.......#
..............##.........#
##.###.##.#.#.##?........#
............#.....>....#.#
#.#.##.#.#.#.##.......# .#
##........#...##....#..# #
...#.#......#.##....####


You could see a bombardier beetle (confused), 3 gnolls and a jackal.

Vanquished Creatures
  A bombardier beetle (D:3)
  A sleepcap (D:4)
  2 iguanas (D:4)
  Natasha (thrice) (D:2)
  3 adders (D:3)
  4 dart slugs
  A ribbon worm (D:2)
  9 orcs
  7 ball pythons
  7 bats
  3 endoplasms
  7 giant cockroaches
  8 goblins
  9 hobgoblins
  4 jackals
  5 kobolds
  4 quokkas
  5 frilled lizards
  5 rats
88 creatures vanquished.

Vanquished Creatures (collateral kills)
  An adder (D:4)
  A jackal (D:4)
2 creatures vanquished.

Grand Total: 90 creatures vanquished

Notes
Turn   | Place    | Note
-------+----------+-------------------------------------------
     0 | D:1      | Ignak the Gnoll Hedge Wizard began the quest for the Orb.
     0 | D:1      | Reached XP level 1. HP: 13/13 MP: 8/8
   196 | D:1      | Reached XP level 2. HP: 18/19 MP: 10/10
   482 | D:1      | Reached XP level 3. HP: 25/25 MP: 11/11
   977 | D:2      | Reached skill level 1 in Invocations
  1033 | D:2      | Learned a level 2 spell: Blink
  1036 | D:2      | Learned a level 2 spell: Call Imp
  1040 | D:2      | Learned a level 3 spell: Mephitic Cloud
  1044 | D:2      | Learned a level 3 spell: Ozocubu's Armour
  1081 | D:2      | Identified the +3 spear "Tadudgh" {drain, rPois MP+9
                  | Stlth+}
  1087 | D:2      | Noticed Natasha
  1121 | D:2      | Killed Natasha
  1122 | D:2      | Reached skill level 1 in Fighting
  1122 | D:2      | Reached skill level 1 in Short Blades
  1122 | D:2      | Reached skill level 1 in Long Blades
  1122 | D:2      | Reached skill level 1 in Axes
  1122 | D:2      | Reached skill level 1 in Maces & Flails
  1122 | D:2      | Reached skill level 1 in Polearms
  1122 | D:2      | Reached skill level 1 in Staves
  1122 | D:2      | Reached skill level 1 in Ranged Weapons
  1122 | D:2      | Reached skill level 1 in Throwing
  1122 | D:2      | Reached skill level 1 in Armour
  1122 | D:2      | Reached skill level 1 in Shields
  1122 | D:2      | Reached skill level 1 in Unarmed Combat
  1122 | D:2      | Reached skill level 1 in Evocations
  1122 | D:2      | Reached skill level 1 in Shapeshifting
  1122 | D:2      | Reached XP level 4. HP: 27/32 MP: 5/13
  1431 | D:2      | Noticed Natasha
  1447 | D:2      | Killed Natasha
  1448 | D:2      | Reached skill level 1 in Hexes
  1448 | D:2      | Reached skill level 1 in Necromancy
  1448 | D:2      | Reached skill level 1 in Fire Magic
  1448 | D:2      | Reached skill level 1 in Ice Magic
  1448 | D:2      | Reached skill level 1 in Air Magic
  1448 | D:2      | Reached skill level 1 in Earth Magic
  1448 | D:2      | Reached skill level 1 in Alchemy
  1502 | D:2      | Noticed Natasha
  1507 | D:2      | Killed Natasha
  1508 | D:2      | Reached XP level 5. HP: 27/37 MP: 14/14
  2629 | D:3      | Found a blossoming altar of Fedhas.
  2722 | D:3      | Reached XP level 6. HP: 44/44 MP: 16/16
  3016 | D:4      | Found an ancient bone altar of Kikubaaqudgha.
  3080 | D:4      | Found a sparkling altar of Nemelex Xobeh.
  3126 | D:4      | Reached skill level 5 in Dodging
  3508 | D:4      | Learned a level 4 spell: Anguish
  3533 | D:4      | Slain by a gnoll

Illustrated notes

Levels and vault maps discovered:
D:1:      lightli_arrival_noodles, layout_loops_cross, chequers_big_river
D:2:      layout_rooms, minivault_14, minmay_misc_feat_nine_boxes,
          minmay_circle_x, uniq_natasha
D:3:      cheibrodos_greedy_goblins, layout_loops_ring,
          mainiacjoe_overflow_cross_hatched, kennysheep_generic_room_15
D:4:      minmay_evil_eye, layout_cave_pods, kiku_gazebo_garden_becter,
          old_standard_altar, vehumet_statue, minmay_diced_spiral

Skill      XL: |  1  2  3  4  5  6 |
---------------+-------------------+-----
Conjurations   | 2 |  2.7
Summonings     | 2 |  2.7
Translocations | 2 |  2.7
Invocations    | 1 2 |  2.3
Fighting       | 1 2 |  2.1
Short Blades   | 1 2 |  2.1
Long Blades    | 1 2 |  2.1
Axes           | 1 2 |  2.1
Maces & Flails | 1 2 |  2.1
Polearms       | 1 2 |  2.1
Staves         | 1 2 |  2.1
Ranged Weapons | 1 2 |  2.1
Throwing       | 1 2 |  2.1
Armour         | 1 2 |  2.1
Shields        | 1 2 |  2.1
Unarmed Combat | 1 2 |  2.1
Evocations     | 1 2 |  2.1
Shapeshifting  | 1 |  1.9
Hexes          | 1 |  1.6
Necromancy     | 1 |  1.6
Fire Magic     | 1 |  1.6
Ice Magic      | 1 |  1.6
Air Magic      | 1 |  1.6
Earth Magic    | 1 |  1.6
Alchemy        | 1 |  1.6
Dodging        | 5 |  5.0
Stealth        | |  4.7
Spellcasting   | |  7.4

Action                     |  1- 3 |  4- 6 || total
---------------------------+-------+-------++-------
  Melee: Dagger            |    82 |       ||    82
         Bite              |     7 |     5 ||    12
         Punch             |     1 |       ||     1
         Spear             |     3 |   179 ||   182
   Cast: Magic Dart        |     6 |       ||     6
         Call Imp          |     2 |    10 ||    12
         Mephitic Cloud    |     1 |     3 ||     4
         Ozocubu's Armour  |       |     1 ||     1
    Use: Scroll            |       |     4 ||     4
         Potion            |       |     1 ||     1
   Stab: Sleeping          |     4 |    15 ||    19
         Confused          |       |     1 ||     1
 Armour: Robe              |    50 |    28 ||    78
         Leather armour    |       |    52 ||    52
  Dodge: Dodged            |    71 |   100 ||   171

Table legend: (Time is in decaauts)
 A = Elapsed time spent in this place.
 B = Non-inter-level travel time spent in this place.
 C = Inter-level travel time spent in this place.
 D = Time resting spent in this place.
 E = Time spent auto-exploring this place.
 F = Levels seen in this place.
 G = Mean time per level.
                   A        B        C        D        E       F      G
               +--------+--------+--------+--------+--------+-----+--------+
         Total |   3544 |   3398 |    146 |    495 |   1833 |   4 |  886.0 |
       Dungeon |   3544 |   3398 |    146 |    495 |   1833 |   4 |  886.0 |
               +--------+--------+--------+--------+--------+-----+--------+

Top non-repeatable levels by time:
     D:3: 1303 daAuts
     D:1: 984 daAuts
     D:2: 689 daAuts
     D:4: 566 daAuts
